 Dungeon Crawl Stone Soup version 0.22-a0-293-gc9362ec (webtiles) character file.

191 matakusis the Caller (level 5, -3/28 HPs)
             Began as a Deep Elf Summoner on Mar 24, 2018.
             Slain by a hog (9 damage)
             ... on level 4 of the Dungeon.
             The game lasted 00:16:07 (2656 turns).

matakusis the Caller (Deep Elf Summoner)            Turns: 2656, Time: 00:16:08

Health: -3/28      AC:  6    Str:  5    XL:     5   Next: 42%
Magic:  9/14       EV: 13    Int: 23    God:
Gold:   187        SH:  0    Dex: 15    Spells: 2/13 levels left

rFire    . . .     SeeInvis .   l - +3 quarterstaff (chaos)
rCold    . . .     Gourm    .   (shield currently unavailable)
rNeg     . . .     Faith    .   a - +1 robe
rPois    .         Spirit   .   (no helmet)
rElec    .         Reflect  .   m - +0 cloak
rCorr    .         Harm     .   (no gloves)
MR       .....                  j - +1 pair of boots
Stlth    ++........             (no amulet)
HPRegen  0.09/turn              (no ring)
MPRegen  0.14/turn              (no ring)

@: very slightly contaminated
A: clever 1, MP-powered wands
a: no special abilities


You were on level 4 of the Dungeon.
You were not hungry.

You visited 1 branch of the dungeon, and saw 4 of its levels.

You collected 187 gold pieces.

Inventory:

Hand Weapons
 l - a +3 quarterstaff of chaos (weapon)
Armour
 a - a +1 robe (worn)
 j - a +1 pair of boots (worn)
 m - a +0 cloak (worn)
Wands
 i - a wand of flame (32)
Scrolls
 d - 4 scrolls of enchant armour
 g - a scroll of fog
 n - a scroll of remove curse
Potions
 e - a potion of magic
 f - 2 potions of curing
 h - a potion of ambrosia
Comestibles
 b - 2 chunks of flesh
 c - 7 rations


   Skills:
 - Level 2.4 Dodging
 - Level 2.4 Stealth
 + Level 4.8 Spellcasting
 * Level 6.3 Summonings
 * Level 1.3 Ice Magic
 + Level 0.7 Air Magic


You had 2 spell levels left.
You knew the following spells:

 Your Spells              Type           Power        Failure   Level  Hunger
a - Summon Small Mammal   Summ           ####         1%          1    None
b - Call Imp              Summ           ####....     1%          2    None
c - Summon Ice Beast      Ice/Summ       ###.....     21%         4    ####...
d - Summon Lightning Spi  Summ/Air       ###.....     22%         4    ####...


Dungeon Overview and Level Annotations

Branches:
Dungeon (4/15)
 Temple: D:4-7

Altars:
Qazlal


Innate Abilities, Weirdness & Mutations

Your mind is acute. (Int +2)
You expend magic power (3 MP) to strengthen your wands.


Message History

Something bites you!
* * * LOW HITPOINT WARNING * * *
You feel much better. Something bites you.
Found a potion of heal wounds.
Something bites you!
Okay, then.
Okay, then.
Unknown command.
Found a stone staircase leading up.
Something completely misses you.
You see here a potion of heal wounds.
k - a potion of heal wounds Something bites you!
* * * LOW HITPOINT WARNING * * *
You feel much better. Something bites you! Something bites you.
You barely miss something. Something bites you!
* * * LOW HITPOINT WARNING * * *
You barely miss something. Something bites you but does no damage.
Something bites you!
You die...

# #.########
.#........##
.......@...##
............#
........)...## ...
.............##.....
.............#..#...
.............#..#...
.............<.#....
....................
..............%.....


There were no monsters in sight!

Vanquished Creatures
  An orc priest (D:3)
  An adder (D:4)
  A hobgoblin (D:3)
3 creatures vanquished.

Vanquished Creatures (collateral kills)
  Sigmund (D:2)
  Crazy Yiuf (D:3)
  Jessica (D:2)
  An orc wizard (D:3)
  2 adders (D:2)
  An ooze (D:3)
  3 worms (D:2)
  A dart slug (D:3)
  5 leopard geckos
  2 orcs (D:3)
  2 giant cockroaches (D:1)
  9 goblins
  10 hobgoblins
  5 jackals
  A bat (D:1)
  3 frilled lizards (D:2)
  2 kobolds
  5 rats
55 creatures vanquished.

Vanquished Creatures (others)
  An orc priest (D:3)
  A quokka (D:3)
2 creatures vanquished.

Grand Total: 60 creatures vanquished

Notes
Turn   | Place    | Note
-------+----------+-------------------------------------------
     0 | D:1      | matakusis the Deep Elf Summoner began the quest for the Orb.
     0 | D:1      | Reached XP level 1. HP: 10/10 MP: 6/6
   149 | D:1      | Gained mutation: You are robust. (+10% HP) [potion of mutation]
   149 | D:1      | Gained mutation: Scrolls take you a little longer to read. [potion of mutation]
   149 | D:1      | Gained mutation: You have sharp fingernails. [potion of mutation]
   150 | D:1      | Lost mutation: Scrolls take you a little longer to read. [potion of mutation]
   150 | D:1      | Lost mutation: You have sharp fingernails. [potion of mutation]
   150 | D:1      | Lost mutation: You are robust. (+10% HP) [potion of mutation]
   150 | D:1      | Gained mutation: You expend magic power (3 MP) to strengthen your wands. [potion of mutation]
   150 | D:1      | Gained mutation: Your mind is acute. (Int +2) [potion of mutation]
   389 | D:1      | Reached XP level 2. HP: 15/15 MP: 4/8
   612 | D:1      | Reached skill level 5 in Summonings
   930 | D:2      | Learned a level 2 spell: Call Imp
   960 | D:2      | Noticed Jessica
  1139 | D:2      | Killed Jessica
  1139 | D:2      | Reached XP level 3. HP: 19/19 MP: 1/10
  1625 | D:2      | Noticed Sigmund
  1654 | D:2      | Killed Sigmund
  1654 | D:2      | Reached skill level 6 in Summonings
  1654 | D:2      | Reached XP level 4. HP: 18/24 MP: 6/12
  1665 | D:2      | Learned a level 4 spell: Summon Ice Beast
  1670 | D:2      | Learned a level 4 spell: Summon Lightning Spire
  1747 | D:3      | Found a stormy altar of Qazlal.
  2111 | D:3      | Reached XP level 5. HP: 26/28 MP: 6/13
  2290 | D:3      | Found a faded altar of an unknown god.
  2331 | D:3      | Reached skill level 1 in Ice Magic
  2544 | D:3      | Found a runed door.
  2548 | D:3      | Noticed Crazy Yiuf
  2553 | D:3      | Killed Crazy Yiuf
  2634 | D:4      | Noticed a hog
  2634 | D:4      | an ooze changed into a hog
  2656 | D:4      | Slain by a hog

Vault maps used:
D:1:      lightli_iron_boxes
D:2:      cheibrodos_greedy_goblins, minmay_three_crescents, uniq_sigmund,
          uniq_jessica
D:3:      chequers_ecumenical_altar_twisty, grunt_qazlal_clouds,
          uniq_crazy_yiuf_cottage
D:4:      cheibrodos_sewer_entry_sluice, first_ration

Skill      XL: |  1  2  3  4  5 |
---------------+----------------+-----
Summonings     | 5 6 |  6.3
Spellcasting   | 4 |  4.8
Ice Magic      | 1 |  1.3
Dodging        | |  2.4
Stealth        | |  2.4
Air Magic      | |  0.7

Action                   |  1- 3 |  4- 6 || total
-------------------------+-------+-------++-------
Melee: Unarmed           |     6 |    14 ||    20
       Quarterstaff      |       |     7 ||     7
 Cast: Summon Small Mamm |    36 |       ||    36
       Call Imp          |    26 |     9 ||    35
       Summon Ice Beast  |       |     2 ||     2
       Summon Lightning  |       |     4 ||     4
  Use: Scroll            |     9 |     4 ||    13
       Potion            |     2 |     3 ||     5
 Stab: Distracted        |       |     1 ||     1
  Eat: Chunk             |     3 |     4 ||     7
Armor: Robe              |    10 |     6 ||    16
Dodge: Dodged            |    32 |    21 ||    53

Table legend:
 A = Spawn XP
 B = Non-spawn XP
 C = Spawn XP percentage of total XP
 D = Spawn monster count
 E = Non-spawn monster count
 F = Spawn count percentage of total count
 G = Total turns spent on level
                    A         B        C        D         E        F      G
               +---------+---------+-------+---------+---------+-------+---------
         Total |       0 |     274 |   0.0 |       0 |      58 |   0.0 |  2656
               +---------+---------+-------+---------+---------+-------+---------
           D:1 |       0 |      19 |   0.0 |       0 |      18 |   0.0 |   891
           D:2 |       0 |     166 |   0.0 |       0 |      25 |   0.0 |   944
           D:3 |       0 |      80 |   0.0 |       0 |      14 |   0.0 |   795
           D:4 |       0 |       9 |   0.0 |       0 |       1 |   0.0 |    26
               +---------+---------+-------+---------+---------+-------+---------
